 Dungeon Crawl Stone Soup version 0.19.0-2-gae57169 (webtiles) character file.

2022 Andry07 the Fighter (level 9, -8/83 HPs)
             Began as a Grey Draconian Skald on Nov 7, 2016.
             Was a Follower of Okawaru.
             Killed by divine providence
             ... invoked by an orc priest
              (14 damage)
             ... on level 7 of the Dungeon.
             The game lasted 00:20:54 (7012 turns).

Andry07 the Fighter (Grey Draconian Skald)          Turns: 7012, Time: 00:20:55

Health: -8/83      AC: 14    Str: 19    XL:     9   Next: 3%
Magic:  17/17      EV: 12    Int: 12    God:    Okawaru [*.....]
Gold:   355        SH:  0    Dex: 10    Spells: 5 memorised, 8 levels left

rFire  + . .     SeeInvis .     d - +2 dagger (venom)
rCold  . . .     Gourm    .     (armour unavailable)
rNeg   . . .     Faith    .     (no shield)
rPois  .         Spirit   .     (helmet restricted)
rElec  .         Reflect  .     f - +0 cloak
rCorr  .         Harm     .     (no gloves)
MR     +....                    h - +0 pair of boots
Stlth  +.........               (no amulet)
                                I - ring of protection from fire
                                j - ring of protection from magic

@: no status effects
A: walk through water, unfitting armour, unbreathing, cold-blooded, AC +12
a: Heroism, Renounce Religion


You were on level 7 of the Dungeon.
You worshipped Okawaru.
Okawaru was aware of your devotion.
You were not hungry.

You visited 2 branches of the dungeon, and saw 8 of its levels.
You also visited: Sewer.

You collected 355 gold pieces.

Inventory:

Hand Weapons
 a - a +0 falchion
 d - a +2 dagger of venom (weapon)
Armour
 f - a +0 cloak (worn)
 h - a +0 pair of boots (worn)
 p - a +2 helmet
Jewellery
 j - a ring of protection from magic (left hand)
 I - a ring of protection from fire (right hand)
Wands
 u - a wand of flame (12/48)
Scrolls
 e - 5 scrolls of teleportation
 i - 2 scrolls of fog {unknown}
 n - 3 scrolls of random uselessness {unknown}
 o - 2 scrolls of enchant weapon {unknown}
 r - a scroll of magic mapping {unknown}
 x - 2 scrolls of fear {unknown}
 E - a scroll of remove curse {unknown}
 G - a scroll of holy word {unknown}
 J - 2 scrolls of immolation {unknown}
Potions
 g - 3 potions of curing
 q - 2 potions of berserk rage
 s - 2 potions of degeneration {unknown}
 t - 2 potions of heal wounds
 v - a potion of haste {unknown}
 w - a potion of flight {unknown}
 z - 2 potions of might
 A - a potion of lignification {unknown}
 F - a potion of ambrosia {unknown}
Books
 b - a book of Battle

   Spells                             Type                      Level
   a - Infusion                       Charms                       1
   b - Shroud of Golubria             Charms/Translocation         2
   c - Song of Slaying                Charms                       2
   d - Spectral Weapon                Hexes/Charms                 3
   e - Regeneration                   Charms/Necromancy            3
 y - a book of Maledictions

   Spells                             Type                      Level
   a - Corona                         Hexes                        1
   b - Ensorcelled Hibernation        Hexes/Ice                    2
   c - Confuse                        Hexes                        3
   d - Tukima's Dance                 Hexes                        3
   e - Dazzling Spray                 Conjuration/Hexes            3
 D - Sif Muna's Almanac of Bewitchment
   (You found it on level 5 of the Dungeon)

   Spells                             Type                      Level
   a - Confusing Touch                Hexes                        1
Comestibles
 c - 7 bread rations
 k - 4 meat rations
 l - 7 chunks of flesh
 m - 2 fruits
 B - a slice of pizza
 C - 4 beef jerkies


   Skills:
 + Level 9.3 Fighting
 - Level 5.9(6.1) Short Blades
 - Level 2.0(4.2) Long Blades
 - Level 1.3 Dodging
 * Level 5.7 Spellcasting
 - Level 2.6 Charms


You had 8 spell levels left.
You knew the following spells:

 Your Spells              Type           Power        Failure   Level  Hunger
a - Infusion              Chrm           #...         8%          1    None
b - Shroud of Golubria    Chrm/Tloc      #.........   17%         2    ##.....
c - Song of Slaying       Chrm           #.......     12%         2    ##.....
d - Spectral Weapon       Hex/Chrm       #.......     34%         3    ###....
e - Regeneration          Chrm/Necr      #.........   34%         3    ###....


Dungeon Overview and Level Annotations

Branches:
Dungeon (7/15)             Temple (1/1) D:5

Altars:
Ashenzari
Cheibriados
Dithmenos
Elyvilon
Fedhas
Gozag
Hepliaklqana
Kikubaaqudgha
Makhleb
Nemelex Xobeh
Okawaru
Qazlal
Ru
Sif Muna
Trog
Uskayaw
Vehumet
Xom
Yredelemnul
Zin
The Shining One


Innate Abilities, Weirdness & Mutations

You can walk through water.
Your dull iron-grey scales are very hard. (AC +12)
You cannot fit into any form of body armour.
You can survive without breathing.
You are cold-blooded and may be slowed by cold attacks.


Message History

The shadow imp grinds its teeth.
The orc warrior barely misses you.
You hit the orc warrior.
The orc warrior looks as sick as possible!
The orc warrior is moderately wounded.
The hound barely misses you. The orc completely misses you.
You closely miss the orc warrior.
The orc warrior is moderately wounded.
The hound bites you but does no damage.
The orc warrior hits you with a battleaxe!
* * * LOW HITPOINT WARNING * * *
The hound bites you.
* * * LOW HITPOINT WARNING * * *
The hound bites you.
* * * LOW HITPOINT WARNING * * *
There is a stone staircase leading up here.
The hound barely misses you.
The orc priest invokes the aid of Beogh against you.
Beogh smites you!
You die...

### ... ######## ####.####
#.....). ........#######
###.#### ..............#
##...##
..............###.....##
###.##@####..##.......# #.
#h# #......._.... #.##o#
#...#....[..#
...###....#####.###.....##
......[.o...# #.# ##...##.
(.?###o####.# #.# ###.##..
..5 .# #.# #....... .....
# #.###.#.##.. #.###..
#...........


You could see an orc warrior, a hound and an orc priest.

Vanquished Creatures
  Grinder (D:3)
  Sigmund (D:3)
  A sky beast (D:7)
  A phantom (D:6)
  4 ogres
  A black bear (D:5)
  2 centaurs (D:6)
  2 big kobolds
  A scorpion (D:5)
  A crimson imp (D:5)
  2 hounds
  A jelly (D:7)
  Ijyb (D:2)
  5 orc wizards
  3 worker ants (D:4)
  A killer bee zombie (D:5)
  7 gnolls
  8 adders
  5 oozes
  An adder zombie (D:3)
  2 adder skeletons
  6 worms
  2 dart slugs
  6 leopard geckos
  17 orcs
  6 ball pythons
  4 bats
  9 giant cockroaches
  8 goblins
  9 hobgoblins
  17 jackals
  7 kobolds
  2 quokkas
  A ball python skeleton (D:3)
  4 frilled lizards
  A giant cockroach zombie (D:3)
  A leopard gecko skeleton (D:3)
  10 rats
161 creatures vanquished.

Vanquished Creatures (others)
  A human (D:4)
  2 orc wizards (D:5)
3 creatures vanquished.

Grand Total: 164 creatures vanquished

Notes
Turn   | Place    | Note
-------+----------+-------------------------------------------
     0 | D:1      | Andry07 the Draconian Skald began the quest for the Orb.
     0 | D:1      | Reached XP level 1. HP: 17/17 MP: 3/3
   110 | D:1      | Reached XP level 2. HP: 8/25 MP: 5/5
   566 | D:1      | Reached skill level 3 in Fighting
   751 | D:2      | Reached XP level 3. HP: 31/31 MP: 7/7
   784 | D:2      | Noticed Ijyb
   793 | D:2      | Killed Ijyb
   793 | D:2      | Reached skill level 1 in Short Blades
   946 | D:2      | Found a white marble altar of Elyvilon.
  1155 | D:2      | Found a snail-covered altar of Cheibriados.
  1362 | D:2      | Reached XP level 4. HP: 38/38 MP: 8/8
  1592 | D:2      | Learned a level 2 spell: Shroud of Golubria
  1634 | D:3      | Noticed Grinder
  1634 | D:3      | Paralysed by Grinder for 6 turns
  1866 | D:2      | You fall through a shaft for 2 floors!
  2030 | D:3      | Noticed Sigmund
  2284 | D:4      | Reached XP level 5. HP: 35/46 MP: 9/9
  2314 | D:4      | Found an ancient bone altar of Kikubaaqudgha.
  2418 | D:4      | Found a glowing drain.
  2426 | D:4      | Reached skill level 4 in Fighting
  2446 | Sewer    | Entered a sewer
  2749 | Sewer    | Learned a level 2 spell: Song of Slaying
  2753 | Sewer    | Learned a level 3 spell: Spectral Weapon
  2805 | Sewer    | Reached XP level 6. HP: 51/53 MP: 10/10
  2896 | Sewer    | Noticed Jerry's ghost (amateur FoFi)
  3111 | D:4      | Reached skill level 5 in Short Blades
  3303 | D:4      | Your scales start taking on a dull iron-grey colour.
  3303 | D:4      | Reached XP level 7. HP: 60/60 MP: 11/11
  3303 | D:4      | Gained mutation: You can survive without breathing. [Grey Draconian growth]
  3396 | D:4      | Reached skill level 5 in Fighting
  3694 | D:4      | Noticed a human
  3695 | D:4      | Killed a human
  4022 | D:4      | Found a blossoming altar of Fedhas.
  4082 | D:3      | Killed Sigmund
  4239 | D:3      | Paralysed by Grinder for 3 turns
  4257 | D:3      | Killed Grinder
  4257 | D:3      | Reached skill level 6 in Fighting
  4257 | D:3      | Reached XP level 8. HP: 48/71 MP: 12/14
  4436 | D:3      | Found a faded altar of an unknown god.
  4778 | D:4      | Learned a level 3 spell: Regeneration
  4779 | D:5      | Entered Level 5 of the Dungeon
  4906 | D:5      | Found a deep blue altar of Sif Muna.
  4938 | D:5      | Found a staircase to the Ecumenical Temple.
  5026 | D:5      | Reached skill level 7 in Fighting
  5543 | D:5      | Identified Sif Muna's Almanac of Bewitchment
  5847 | Temple   | Entered the Ecumenical Temple
  5989 | Temple   | Became a worshipper of Warmaster Okawaru
  6221 | D:6      | Reached skill level 8 in Fighting
  6260 | D:6      | Reached skill level 5 in Spellcasting
  6311 | D:6      | Found a white marble altar of Elyvilon.
  6475 | D:6      | Found a sacrificial altar of Ru.
  6596 | D:6      | Found a radiant altar of Vehumet.
  6917 | D:7      | Reached skill level 9 in Fighting
  6933 | D:7      | Reached * piety under Okawaru
  6933 | D:7      | Reached XP level 9. HP: 75/83 MP: 17/17
  6940 | D:7      | Found a hazy altar of Hepliaklqana.
  7012 | D:7      | Killed from afar by an orc priest

Skill      XL: |  1  2  3  4  5  6  7  8 |
---------------+-------------------------+-----
Fighting       | 3 4 6 9 |  9.3
Short Blades   | 1 2 4 5 |  5.9
Spellcasting   | 3 4 5 |  5.7
Long Blades    | |  2.0
Dodging        | |  1.3
Charms         | |  2.6

Action                   |  1- 3 |  4- 6 |  7- 9 || total
-------------------------+-------+-------+-------++-------
Melee: Dagger            |    93 |   169 |   429 ||   691
       Tailslap          |     7 |    17 |    60 ||    84
       Falchion          |     2 |       |       ||     2
  Use: Potion            |       |     1 |       ||     1
       Scroll            |       |       |     6 ||     6
 Stab: Sleeping          |       |     1 |       ||     1
  Eat: Chunk             |     1 |     5 |    12 ||    18
       Pizza             |       |     1 |       ||     1
       Fruit             |       |       |     1 ||     1
Armor: Skin              |    33 |    56 |   141 ||   230
Dodge: Dodged            |    55 |    91 |   207 ||   353
